Match 43302609
Unlisted

Match 43302609
End
Pioneer Squad
Construct Infanterie Kompanie
Selects Mechanized Battlegroup
MG 42 Machine Gun Team
Grenadier Squad
Grenadier Squad
Construct Panzergrenadier Kompanie
GrW 34 Mortar Team
JIuMoH4uk
Sev | Stryker
Ra11
aSIINiedi
0
0

Comments sign in to comment!

No comments posted yet!